 Dungeon Crawl Stone Soup version 0.31-a0-1074-g0b22e4e0f1 (webtiles) character file.

Game seed: 6643692662215715178

1470 BigPumpCobain the Grappler (level 8, 0/120 HPs)
             Began as a Troll Shapeshifter on Dec 7, 2023.
             Was a Follower of Wu Jian.
             Slain by a killer bee (1 damage)
             ... on level 7 of the Dungeon.
             The game lasted 00:06:59 (4368 turns).

BigPumpCobain the Grappler (Troll Shapeshifter)     Turns: 4368, Time: 00:07:00

Health: 0/120      AC: 24    Str: 25    XL:     8   Next: 49%
Magic:  7/7        EV:  1    Int:  4    God:    Wu Jian [*.....]
Gold:   345        SH:  0    Dex: 15    Spells: 7/7 levels left

rFire   . . .        v - +6 dagger (elec)
rCold   . . .        (no shield)
rNeg    . . .        a - melded +1 animal skin
rPois   +            (helmet currently unavailable)
rElec   .            (cloak currently unavailable)
rCorr   .            (gloves unavailable)
SInv    +            (boots unavailable)
Will    .....        y - amulet of the acrobat
Stlth   +            n - ring of see invisible
HPRegen 1.20/turn    o - +6 ring of dexterity
MPRegen 0.10/turn

%: acrobat
@: lethally poisoned (0 -> -2), tree-form, attractive
A: stationary, stasis, torment immunity, boosted hp, large, unfitting armour,
(claws 3), regeneration 1, (shaggy fur 1), (tough skin 1), dopey 1,
(teleportitis 1)
a: Renounce Religion


You were on level 7 of the Dungeon.
You worshipped Wu Jian.
Wu Jian was aware of your devotion.
You were a tree.
You visited 2 branches of the dungeon, and saw 8 of its levels.

You collected 345 gold pieces.

Inventory:

Hand Weapons
 v - a +6 dagger of electrocution (weapon)
Armour
 a - a +1 animal skin (melded)
Jewellery
 n - a ring of see invisible (left branch)
 o - a +6 ring of dexterity (right branch)
 y - an amulet of the acrobat (around neck)
Talismans
 c - a beast talisman
 d - a flux talisman
Wands
 q - a wand of charming (7)
 z - a wand of roots (28)
 C - a wand of flame (28)
Scrolls
 h - 3 scrolls of enchant armour
 i - a scroll of fear
 j - 2 scrolls of teleportation
 l - 2 scrolls of torment
 r - 3 scrolls of blinking
 t - 2 scrolls of amnesia
 B - a scroll of noise {unknown}
 D - a scroll of summoning {unknown}
 E - a scroll of identify
Potions
 e - a potion of cancellation {unknown}
 f - 2 potions of mutation
 g - a potion of curing {unknown}
 k - a potion of brilliance {unknown}
 m - a potion of attraction
 p - a potion of ambrosia {unknown}
 s - a potion of degeneration {unknown}
 u - 2 potions of berserk rage {unknown}
 w - 2 potions of enlightenment {unknown}
 x - 2 potions of haste {unknown}
 A - a potion of heal wounds {unknown}


   Skills:
 + Level 5.0 Fighting
 - Level 1.5 Dodging
 * Level 9.2 Unarmed Combat
 - Level 3.0 Shapeshifting


You had 7 spell levels left.
You didn't know any spells.
Your spell library contained the following spells:

 Spells                   Type           Power      Damage    Failure   Level
 Ensorcelled Hibernation  Hex/Ice        0%         N/A       65%         2
 Jinxbite                 Hex            0%         N/A       65%         2
 Static Discharge         Conj/Air       0%         3-3/arc   65%         2
 Wereblood                Tmut           0%         N/A       65%         2
 Summon Guardian Golem    Hex/Summ       0%         N/A       86%         3
 Airstrike                Air            0%         2d(0-16)  99%         4
 Anguish                  Hex/Necr       0%         N/A       99%         4
 Summon Lightning Spire   Summ/Air       0%         N/A       99%         4
 Irradiate                Conj/Tmut      0%         3d11      100%        5
 Silence                  Hex/Air        0%         N/A       100%        5
 Summon Cactus Giant      Summ           0%         N/A       100%        6
 Haunt                    Necr/Summ      0%         N/A       100%        7
 Orb of Destruction       Conj           0%         9d5       100%        7
 Spellforged Servitor     Conj/Summ      0%         N/A       100%        7


Dungeon Overview and Level Annotations

Branches:
Dungeon (7/15)             Temple (1/1) D:4

Altars:
Ashenzari
Cheibriados
Dithmenos
Elyvilon
Fedhas
Gozag
Hepliaklqana
Kikubaaqudgha
Makhleb
Nemelex Xobeh
Okawaru
Qazlal
Ru
Sif Muna
Trog
Uskayaw
Vehumet
Wu Jian
Xom
Yredelemnul
Zin
The Shining One

Shops:
D:7 =


Innate Abilities, Weirdness & Mutations

You are a tree.
Your roots penetrate the ground, keeping you stationary.
You cannot be teleported.
You are immune to unholy pain and torment.
Your maximum health is greatly increased.
Your equipment is partially melded.
You are too large for most types of armour.
((You have claws for hands.))
Your natural rate of healing is unusually fast.
((You are covered in fur. (AC +1)))
((You have tough skin. (AC +1)))
You are dopey. (Int -2)
((You are occasionally teleported next to monsters.))


Message History

The killer bee misses you. The killer bee barely misses you.
The killer bee completely misses you.
You spin and attack the killer bee.
You hit the killer bee. Your claw misses the killer bee.
The killer bee is heavily wounded.
You spin and attack the killer bee.
You hit the killer bee.
The killer bee is severely wounded.
You feel very sick. The killer bee barely misses you.
The killer bee stings you but does no damage.
The killer bee closely misses you.
The killer bee stings you but does no damage.
The killer bee stings you.
* * * LOW HITPOINT WARNING * * *
You are lethally poisoned!
The killer bee poisons you!
Your transformation has ended.
You turn into a tree.
Your +1 animal skin melds into your body.
Your roots penetrate the ground.
You feel very sick.
The killer bee stings you but does no damage. x5
The killer bee stings you.
* * * LOW HITPOINT WARNING * * *
The killer bee stings you but does no damage. x2
It was a potion of mutation.
You feel extremely strange.
You feel stupid.
You feel weirdly uncertain.
* * * LOW HITPOINT WARNING * * *
You feel very sick.
The killer bee stings you but does no damage. x8
It was a potion of attraction.
You feel attractive to monsters.
* * * LOW HITPOINT WARNING * * *
You feel very sick.
The killer bee stings you but does no damage. x2
The killer bee stings you.
* * * LOW HITPOINT WARNING * * *
The killer bee stings you but does no damage. x2
The killer bee stings you.
You die...

..........#
...#####...##
#...#####...#
#.......#.#.#
#.......#.#.#
#.......#.#.#
#.......#...#
........yy.##
.#?.†oy♣##
#....y.#
##.###.# ..
#.# #.. #.#
#. #.. + #.[
#.##


You could see 4 killer bees and an orc.

Vanquished Creatures
  Menkaure (D:4)
  Pargi (D:4)
  2 ice beasts
  2 orc warriors
  2 phantoms (D:5)
  A bullfrog (D:7)
  2 killer bees (D:7)
  3 hounds
  3 orc priests
  2 jellies
  A gnoll bouda (D:6)
  3 iguanas
  An orc wizard (D:7)
  3 gnolls (D:6)
  5 adders
  2 ufetubi (D:6)
  A worm (D:3)
  2 dart slugs
  22 orcs
  6 ball pythons
  9 endoplasms
  3 giant cockroaches
  16 goblins
  5 hobgoblins
  8 jackals (D:1)
  3 quokkas (D:2)
  7 bats
  4 frilled lizards
  10 kobolds
  9 rats
139 creatures vanquished.

Notes
Turn   | Place    | Note
-------+----------+-------------------------------------------
     0 | D:1      | BigPumpCobain the Troll Shapeshifter began the quest for
                  | the Orb.
     0 | D:1      | Reached XP level 1. HP: 18/18 MP: 0/0
    22 | D:1      | Reached skill level 1 in Fighting
    51 | D:1      | Reached XP level 2. HP: 27/27 MP: 1/1
   101 | D:1      | Got Dimpuem's Grimoire of Misfortune and the Familiar
   228 | D:1      | Reached XP level 3. HP: 28/33 MP: 2/2
   467 | D:1      | Found a faded altar of an unknown god.
   531 | D:1      | Reached skill level 4 in Unarmed Combat
   943 | D:2      | Reached XP level 4. HP: 42/42 MP: 3/3
  1784 | D:4      | Reached skill level 5 in Unarmed Combat
  1891 | D:4      | Noticed Pargi
  1905 | D:4      | Killed Pargi
  1906 | D:4      | Reached XP level 5. HP: 16/50 MP: 4/4
  1967 | D:4      | Reached XP level 6. HP: 59/59 MP: 5/5
  2048 | D:4      | Noticed Menkaure
  2057 | D:4      | Killed Menkaure
  2058 | D:4      | Reached skill level 6 in Unarmed Combat
  2289 | D:4      | Found a staircase to the Ecumenical Temple.
  2387 | Temple   | Entered the Ecumenical Temple
  2429 | Temple   | Became a worshipper of the Wu Jian Council
  2531 | D:5      | Entered Level 5 of the Dungeon
  2558 | D:5      | Reached XP level 7. HP: 67/67 MP: 6/6
  2652 | D:5      | Identified the +5 glaive "Troll's Peril" {protect, Dex+3
                  | Stlth+}
  3177 | D:5      | Reached skill level 7 in Unarmed Combat
  3417 | D:6      | Found a sacrificial altar of Ru.
  3583 | D:6      | Reached * piety under Wu Jian
  3653 | D:6      | Reached skill level 8 in Unarmed Combat
  3907 | D:6      | HP: 3/71 [orc warrior/+0 glaive (6)]
  3909 | D:6      | Reached XP level 8. HP: 4/79 MP: 7/7
  4113 | D:7      | Found Lirom's Jewellery Boutique.
  4248 | D:7      | Reached skill level 9 in Unarmed Combat
  4358 | D:7      | Reached skill level 5 in Fighting
  4367 | D:7      | Gained mutation: You are dopey. (Int -2) [potion of
                  | mutation]
  4367 | D:7      | Gained mutation: You are occasionally teleported next to
                  | monsters. [potion of mutation]
  4367 | D:7      | HP: 4/120 [poisoned by a killer bee]
  4368 | D:7      | HP: 1/120 [killer bee (1)]
  4368 | D:7      | Slain by a killer bee

Illustrated notes

Levels and vault maps discovered:
D:1:      wheals_arrival_shading, layout_basic,
          hellmonk_ecumenical_altar_heavens_door
D:2:      layout_rooms, minmay_unequal
D:3:      kennysheep_the_goblin_king, layout_basic, kennysheep_generic_room_7
D:4:      layout_loops_ring, minmay_temple_entry_hall, uniq_pargi, uniq_menkaure
D:5:      layout_cave_pods, corexii_item_surrounded_by_moat
D:6:      layout_loops_ring, kennysheep_mini_moat
D:7:      layout_basic, serial_shops, nicolae_stop_n_shop_1
Temple:   mainiacjoe_temple_hex_bubbles

Skill      XL: |  1  2  3  4  5  6  7  8 |
---------------+-------------------------+-----
Fighting       | 1 2 3 4 5 |  5.0
Unarmed Combat | 4 5 6 8 9 |  9.2
Dodging        | |  1.5
Shapeshifting  | |  3.0

Action                     |  1- 3 |  4- 6 |  7- 9 || total
---------------------------+-------+-------+-------++-------
  Melee: Unarmed           |   121 |   116 |    86 ||   323
         Punch             |     3 |     1 |     5 ||     9
         Dagger            |       |       |    32 ||    32
Ability: Lunge             |       |     4 |     8 ||    12
         Whirlwind         |       |       |    15 ||    15
    Use: Scroll            |       |       |     9 ||     9
         Potion            |       |       |     3 ||     3
   Stab: Sleeping          |       |     3 |       ||     3
 Armour: Animal skin       |    90 |    83 |    81 ||   254
         Skin              |       |       |    22 ||    22
  Dodge: Dodged            |    59 |    61 |    70 ||   190

Table legend: (Time is in decaauts)
 A = Elapsed time spent in this place.
 B = Non-inter-level travel time spent in this place.
 C = Inter-level travel time spent in this place.
 D = Time resting spent in this place.
 E = Time spent auto-exploring this place.
 F = Levels seen in this place.
 G = Mean time per level.
                   A        B        C        D        E       F      G
               +--------+--------+--------+--------+--------+-----+--------+
         Total |   4338 |   4152 |    186 |     54 |   3374 |   8 |  542.2 |
       Dungeon |   4286 |   4132 |    154 |     54 |   3374 |   7 |  612.3 |
        Temple |     51 |     20 |     31 |      0 |      0 |   1 |   51.0 |
               +--------+--------+--------+--------+--------+-----+--------+

Top non-repeatable levels by time:
     D:6: 799 daAuts
     D:5: 771 daAuts
     D:4: 695 daAuts
     D:1: 652 daAuts
     D:3: 565 daAuts
     D:2: 548 daAuts
     D:7: 252 daAuts
  Temple: 51 daAuts
